 Dungeon Crawl Stone Soup version 0.30.0-29-ga12c61a403 (webtiles) character file.

Game seed: 5785876180983197075

57845 MacCMillion the Warrior (level 14, -13/98 HPs)
             Began as a Tengu Summoner on June 7, 2023.
             Was a Priest of Ashenzari.
             Shot with a bolt by an orc warrior (18 damage)
             ... on level 2 of the Orcish Mines.
             The game lasted 01:15:01 (24035 turns).

MacCMillion the Warrior (Tengu Summoner)           Turns: 24035, Time: 01:15:01

Health: -13/98     AC:  5    Str: 14    XL:     14   Next: 88%
Magic:  19/29      EV: 21    Int: 20    God:    Ashenzari [***...]
Gold:   1053       SH:  0    Dex: 11    Spells: 20/33 levels left

rFire   . . .        d - +2 trident of the Shattered Burden {flame, rC+, Cun, Melee} (curse)
rCold   + . .        (no shield)
rNeg    + + +        n - +2 leather armour "Restrained Seer" {rN+++ Regen+ Str+4 Dex-3, Melee, Cun} (curse)
rPois   .            (helmet restricted)
rElec   .            (no cloak)
rCorr   .            (no gloves)
SInv    +            (boots unavailable)
Will    +....        t - amulet of Cremastomancy {Regen+, Melee, Comp} (curse)
Stlth   ++           v - ring of Ouranomancy {SInv, Cun, Melee} (curse)
HPRegen 1.96/turn    (no ring)
MPRegen 0.21/turn

%: clarity
@: flying quickly and evasively, quick
A: beak, talons 3, nimble flight
a: Renounce Religion, Curse Item, Shatter the Chains


You were on level 2 of the Orcish Mines.
You worshipped Ashenzari.
Ashenzari was most pleased with you.
You visited 3 branches of the dungeon, and saw 19 of its levels.
You visited 1 bazaar.

You collected 1339 gold pieces.
You spent 286 gold pieces at shops.

Inventory:

Hand Weapons
 c - a +0 dagger
 d - the cursed +2 trident of the Shattered Burden (weapon) {flame, rC+, Cun, Melee}
   (You bought it in a shop in a bazaar)

   rC:        It protects you from cold.
   It has a curse which improves the following skills: Cunning: Dodging and
   Stealth.
   Melee Combat: Short Blades, Long Blades, Axes, Maces & Flails, Polearms,
   Staves and Unarmed Combat.
Armour
 a - a +0 robe
 n - the cursed +2 leather armour "Restrained Seer" (worn) {rN+++ Regen+ Str+4 Dex-3, Melee, Cun}
   (You found it on level 2 of the Dungeon)

   Str:       It affects your strength (+4).
   Dex:       It affects your dexterity (-3).
   rN:        It renders you almost immune to negative energy.
   Regen:     It increases your rate of health regeneration.
   It has a curse which improves the following skills: Melee Combat: Short
   Blades, Long Blades, Axes, Maces & Flails, Polearms, Staves and Unarmed
   Combat.
   Cunning:   Dodging and Stealth.
Jewellery
 t - the cursed amulet of Cremastomancy (around neck) {Regen+, Melee, Comp}
   (You found it on level 4 of the Dungeon)

   [amulet of regeneration]

   Regen:     It increases your rate of health regeneration.
   It has a curse which improves the following skills: Melee Combat: Short
   Blades, Long Blades, Axes, Maces & Flails, Polearms, Staves and Unarmed
   Combat.
   Companions: Summonings and Necromancy.
 v - the cursed ring of Ouranomancy (left hand) {SInv, Cun, Melee}
   (You found it on level 5 of the Dungeon)

   [ring of see invisible]

   SInv:      It lets you see invisible.
   It has a curse which improves the following skills: Cunning: Dodging and
   Stealth.
   Melee Combat: Short Blades, Long Blades, Axes, Maces & Flails, Polearms,
   Staves and Unarmed Combat.
 A - an amulet of reflection
 L - a ring of fire
 M - a +6 ring of intelligence
Wands
 u - a wand of roots (18)
 x - a wand of digging (5)
 y - a wand of flame (49)
 C - a wand of polymorph (4)
 F - a wand of light (17)
 H - a wand of paralysis (6)
Scrolls
 f - 5 scrolls of teleportation
 g - 4 scrolls of enchant weapon
 h - 3 scrolls of summoning
 i - 7 scrolls of noise
 k - 2 scrolls of poison
 o - 4 scrolls of magic mapping
 w - 2 scrolls of enchant armour
 B - 4 scrolls of fog
 D - a scroll of fear
 E - 3 scrolls of brand weapon
 G - 6 scrolls of blinking
 K - 2 scrolls of silence
Potions
 b - 4 potions of magic
 e - 2 potions of heal wounds
 j - 2 potions of invisibility
 l - 4 potions of haste
 m - 2 potions of might
 p - a potion of berserk rage
 q - 5 potions of attraction
 r - 4 potions of lignification
 s - 5 potions of degeneration
 z - 3 potions of resistance
 J - 2 potions of curing
Miscellaneous
 I - a condenser vane


   Skills:
 - Level 15.0 Fighting
 + Level 7.7(11.3) Polearms
 + Level 14.2(17.0) Dodging
 - Level 2.0(4.2) Stealth
 - Level 10.0 Spellcasting
 - Level 12.6(14.1) Summonings
 - Level 7.0 Air Magic


You had 20 spell levels left.
You knew the following spells:

 Your Spells              Type           Power      Damage    Failure   Level
a - Summon Small Mammal   Summ           100%       N/A       1%          1
b - Call Imp              Summ           100%       N/A       1%          2
c - Call Canine Familiar  Summ           60%        N/A       1%          3
d - Summon Lightning Spi  Summ/Air       51%        N/A       1%          4
e - Summon Guardian Gole  Hex/Summ       38%        N/A       1%          3

Your spell library contained the following spells:

 Spells                   Type           Power      Damage    Failure   Level
 Blink                    Tloc           20%        N/A       13%         2
 Sublimation of Blood     Necr           10%        N/A       13%         2
 Ignite Poison            Fire/Tmut/Pois 10%        N/A       26%         3
 Tukima's Dance           Hex            10%        N/A       26%         3
 Volatile Blastmotes      Fire/Tloc      20%        2d11      26%         3
 Manifold Assault         Tloc           10%        N/A       65%         4
 Passage of Golubria      Tloc           10%        N/A       65%         4
 Petrify                  Tmut/Erth      10%        N/A       65%         4
 Sticky Flame             Conj/Fire      10%        2d3       65%         4
 Irradiate                Conj/Tmut      5%         3d13      94%         5
 Metabolic Englaciation   Hex/Ice        5%         N/A       94%         5
 Yara's Violent Unravell  Hex/Tmut       5%         3d4       94%         5
 Spellforged Servitor     Conj/Summ      19%        N/A       99%         7
 Statue Form              Tmut/Erth      6%         N/A       100%        6
 Orb of Destruction       Conj           5%         9d5       100%        7
 Storm Form               Tmut/Air       12%        N/A       100%        7
 Ignition                 Fire           5%         3d4       100%        8


Dungeon Overview and Level Annotations

Branches:
Dungeon (12/15)            Temple (0/1) D:5            Lair (5/5) D:10
  Swamp (0/4) Lair:2       Spider (0/4) Lair:3        Slime (0/5) Lair:4
    Orc (2/2) D:9
    Elf: Orc:2

Altars:
Ashenzari
Fedhas
Gozag
Hepliaklqana
Kikubaaqudgha
Makhleb
Nemelex Xobeh
Okawaru
Qazlal
Ru
Sif Muna
Trog
Wu Jian
Xom
The Shining One
Jiyva

Shops:
D:11 (

Annotations:
D:2 1 runed translucent door, Crazy Yiuf
D:8 3 runed translucent doors, crompyre's ghost, novice TeBe
D:9 3 runed translucent doors, raetorn's ghost, journeyman DjFE
D:12 Rupert
Lair:2 1 runed translucent door, crompyre's ghost, journeyman FoFi


Innate Abilities, Weirdness & Mutations

You have a beak for a mouth.
You have claws for feet.
Your magical nature lets you fly swiftly and evasively.


Message History

The orc warrior barely misses your warg.
The orc priest calls upon Beogh to heal the orc warrior.
The orc warrior is healed somewhat.
Casting: Summon Guardian Golem (safe; 1% risk of failure)
Confirm with . or Enter, or press ? or * to list all spells.
An electric hum fills the air.
Your warg bites the orc warrior.
The orc priest looks satisfied for a moment.
The orc sorcerer mumbles some strange words.
The orc warrior barely misses your warg.
The orc hits your lightning spire but does no damage.
The orc warrior closely misses your warg.
Your lightning spire shoots out a bolt of lightning at the orc!
The bolt of electricity hits the orc!
The orc dies!
The orc warrior unwields a +0 mace.
The orc warrior wields a +0 arbalest.
The orc warrior shoots a bolt.
The bolt hits you!!
* * * LOW HITPOINT WARNING * * *
Your warg bites the orc warrior but does no damage.
The orc priest looks satisfied for a moment.
The orc warrior throws a boomerang.
The boomerang misses you.
Your lightning spire shoots out a bolt of lightning at the orc warrior!
The bolt of electricity hits the orc warrior!
The orc warrior dies!
Your warg bites the orc warrior!
The orc warrior throws a boomerang.
The boomerang closely misses your warg.
The boomerang hits the orc priest but does no damage.
The orc priest miscasts a cantrip.
The orc priest mumbles some strange prayers to Beogh against you.
You are unaffected.
Something hits your lightning spire!
Your lightning spire is skewered by barbed spikes.
Your warg bites the orc warrior but does no damage.
Something hits your warg. Something hits your warg!
The orc priest calls down the wrath of Beogh upon you.
Beogh smites you!
* * * LOW HITPOINT WARNING * * *
Your warg closely misses the orc warrior.
Something hits your lightning spire.
Your lightning spire is skewered by barbed spikes.
The orc warrior shoots a bolt.
The bolt hits you!!
You die...

..........#...### ,, *
.....#..#....#*,, , ,
,, ..#### ......., * ,
* . ##.###.#...... * ,
#... #.........
#...#...........#
....#..........#.. *
#..#.....o$...#..
##.#.@.#........)...
#...#....o.o...)....
...............#.o....
8
.8..........o.o)oo....,
.8............ho)o....
.8...#.......)8o4).#. ,
* ###..##............#,
**#. #.#........#.## *
,. ..$....##..## #


You could see an orc high priest, 2 orc warriors, 2 orc priests, a friendly warg
(summoned) and a friendly lightning spire (summoned, skewered).

Vanquished Creatures
  A boulder beetle (Lair:5)
  2 death yaks (Lair:5)
  A deep troll shaman (Lair:5)
  5 elephants
  6 cane toads
  A torpor snail (Lair:4)
  2 komodo dragons
  2 blink frogs
  2 dream sheep
  6 yaks (Lair:3)
  2 wyverns
  2 vampire mosquitoes (Lair:2)
  A sky beast (D:6)
  6 wolves
  3 centaurs
  2 bullfrogs (Lair:3)
  An electric eel (Lair:4)
  An orc priest (D:4)
  An iguana (D:5)
  A sleepcap (D:8)
  A gnoll (D:4)
  2 adders
  2 dart slugs
  7 orcs
  2 ball pythons
  2 bats (D:2)
  An endoplasm (D:3)
  2 giant cockroaches (D:3)
  4 goblins
  2 hobgoblins
  A kobold (D:3)
  A quokka (D:1)
  A rat (D:1)
76 creatures vanquished.

Vanquished Creatures (collateral kills)
  5 hydras
  Erica (Lair:1)
  3 catoblepae (Lair:5)
  A centaur warrior (D:8)
  8 death yaks
  2 two-headed ogres
  4 boulder beetles
  A skyshark (Lair:5)
  An ugly thing (D:11)
  A lindwurm (Lair:3)
  A manticore (D:11)
  14 elephants
  4 black mambas
  Maggie (D:8)
  5 cane toads
  2 rime drakes
  A komodo dragon (Lair:3)
  A kobold demonologist (D:11)
  An ice devil (Lair:5)
  2 trolls
  A hornet (D:7)
  Prince Ribbit (D:8)
  Grinder (D:3)
  4 dream sheep (Lair:2)
  17 blink frogs
  A culicivora (Lair:3)
  A wyvern (D:9)
  A wraith (D:11)
  28 yaks
  10 vampire mosquitoes
  A basilisk (Lair:4)
  2 steam dragons
  3 acid dragons
  A warg (Orc:1)
  Duvessa (D:6)
  Edmund (D:4)
  15 water moccasins
  5 orc warriors
  A sky beast (D:7)
  4 ice beasts
  7 black bears
  3 ogres
  13 wolves
  7 centaurs
  A phantom (D:5)
  4 kobold brigands
  9 bullfrogs
  3 gnoll sergeants
  2 scorpions
  10 wights
  Dowan (D:6)
  4 killer bees
  4 howler monkeys
  4 hounds
  A gnoll bouda (D:7)
  8 orc priests
  A jelly (D:5)
  2 iguanas
  17 orc wizards
  4 adders
  13 gnolls
  A white imp (D:8)
  3 ufetubi
  2 dart slugs
  37 orcs
  6 endoplasms
  3 giant cockroaches
  8 goblins
  5 hobgoblins
  A quokka (D:5)
  8 ball pythons
  2 bats (D:2)
  4 frilled lizards
  12 kobolds
  6 rats
  A butterfly (Lair:3)
375 creatures vanquished.

Vanquished Creatures (others)
  3 death yaks
  3 elephants (Lair:4)
  An ice devil (Lair:5)
  A blink frog (Lair:3)
  A warg (Orc:1)
  A water moccasin (Lair:5)
  An ogre (Orc:1)
  2 wolves (Lair:5)
  A bullfrog (Lair:4)
  An orc wizard (D:11)
  2 orcs (Orc:1)
17 creatures vanquished.

Grand Total: 468 creatures vanquished

Notes
Turn   | Place    | Note
-------+----------+-------------------------------------------
     0 | D:1      | MacCMillion the Tengu Summoner began the quest for the Orb.
     0 | D:1      | Reached XP level 1. HP: 10/10 MP: 4/4
    70 | D:1      | Reached skill level 5 in Summonings
   129 | D:1      | Reached XP level 2. HP: 15/15 MP: 3/6
   982 | D:2      | Reached XP level 3. HP: 15/19 MP: 5/7
   989 | D:2      | Learned a level 2 spell: Call Imp
   993 | D:2      | Learned a level 3 spell: Call Canine Familiar
  1219 | D:2      | Found a bloodstained altar of Trog.
  1314 | D:2      | Identified the +2 leather armour of Supple Strength {rN+++
                  | Regen+ Str+4 Dex-3}
  1451 | D:2      | Reached XP level 4. HP: 24/24 MP: 4/9
  1549 | D:2      | Found a runed translucent door.
  1550 | D:2      | Noticed Crazy Yiuf
  1914 | D:3      | Found a hazy altar of Hepliaklqana.
  2338 | D:3      | Noticed Grinder
  2370 | D:3      | Killed Grinder
  2371 | D:3      | Reached skill level 2 in Fighting
  2371 | D:3      | Gained mutation: Your magical nature lets you fly swiftly
                  | and evasively. [Tengu growth]
  2371 | D:3      | Reached XP level 5. HP: 30/30 MP: 1/10
  2371 | D:3      | Reached XP level 6. HP: 35/35 MP: 1/11
  2458 | D:3      | Found a sacrificial altar of Ru.
  2477 | D:3      | Found a broken altar of Ashenzari.
  2569 | D:3      | Found a blossoming altar of Fedhas.
  2588 | D:3      | Found an iron altar of Okawaru.
  2631 | D:3      | Became a worshipper of Ashenzari the Shackled
  2961 | D:4      | You are sucked into a shaft and drop 1 floor!
  2961 | D:5      | Entered Level 5 of the Dungeon
  2961 | D:5      | Found a bloodstained altar of Trog.
  3098 | D:5      | Reached skill level 3 in Fighting
  3706 | D:4      | Found an ornate altar of the Wu Jian Council.
  3722 | D:4      | Reached XP level 7. HP: 41/41 MP: 12/12
  4128 | D:4      | Reached skill level 5 in Dodging
  4449 | D:4      | Noticed Edmund
  4545 | D:4      | Killed Edmund
  4546 | D:4      | Reached skill level 4 in Fighting
  5023 | D:5      | Found an opulent altar of Gozag.
  5095 | D:5      | Got Sif Muna's Grimoire of the Inferno
  5123 | D:5      | Found a staircase to the Ecumenical Temple.
  5141 | D:5      | Reached skill level 5 in Fighting
  5141 | D:5      | Reached XP level 8. HP: 49/49 MP: 10/13
  5527 | D:5      | Reached * piety under Ashenzari
  5565 | D:5      | Found a stormy altar of Qazlal.
  5598 | D:5      | Reached skill level 1 in Air Magic
  5603 | D:5      | Learned a level 4 spell: Summon Lightning Spire
  6504 | D:6      | Noticed Duvessa
  6592 | D:6      | Reached skill level 5 in Air Magic
  6694 | D:6      | Reached XP level 9. HP: 54/54 MP: 9/14
  7135 | D:6      | Noticed Dowan
  7498 | D:6      | Found a burning altar of Makhleb.
  7677 | D:6      | Reached skill level 10 in Summonings
  7904 | D:6      | Found a burning altar of Makhleb.
  8148 | D:6      | Killed Duvessa
  8163 | D:6      | Killed Dowan
  8623 | D:7      | Reached ** piety under Ashenzari
  8975 | D:7      | Noticed a hornet
  8987 | D:7      | Killed a hornet
  8988 | D:7      | Reached XP level 10. HP: 60/60 MP: 6/17
  9107 | D:7      | Reached skill level 6 in Fighting
  9373 | D:7      | Noticed a two-headed ogre
 10039 | D:7      | Reached *** piety under Ashenzari
 10346 | D:7      | Killed a two-headed ogre
 10808 | D:8      | Found a runed translucent gate.
 10808 | D:8      | Found a runed translucent gate.
 10808 | D:8      | Found a runed translucent gate.
 10821 | D:8      | Noticed crompyre's ghost (novice TeBe)
 10835 | D:8      | Noticed Maggie
 10849 | D:8      | Noticed Prince Ribbit
 10864 | D:8      | Killed Prince Ribbit
 10864 | D:8      | Killed Maggie
 10865 | D:8      | Reached skill level 5 in Spellcasting
 11236 | D:8      | Found an ancient bone altar of Kikubaaqudgha.
 11425 | D:8      | Reached skill level 7 in Fighting
 11728 | D:8      | Noticed a centaur warrior
 11737 | D:8      | Killed a centaur warrior
 11804 | D:8      | Found a sparkling altar of Nemelex Xobeh.
 11987 | D:8      | Reached XP level 11. HP: 67/67 MP: 15/20
 12300 | D:9      | Found a runed translucent gate.
 12300 | D:9      | Found a runed translucent gate.
 12300 | D:9      | Noticed raetorn's ghost (journeyman DjFE)
 12301 | D:9      | Found a runed translucent gate.
 12339 | D:9      | Found a staircase to the Orcish Mines.
 12700 | D:9      | Found a glowing golden altar of the Shining One.
 12743 | D:9      | Found a shimmering blue altar of Sif Muna.
 13003 | D:10     | Entered Level 10 of the Dungeon
 13300 | D:10     | Found a staircase to the Lair.
 13313 | D:10     | Reached skill level 8 in Fighting
 13413 | D:10     | Found a shimmering altar of Xom.
 13415 | D:10     | Found a shimmering altar of Xom.
 13419 | D:10     | Found a shimmering altar of Xom.
 13420 | D:10     | Found a shimmering altar of Xom.
 13420 | D:10     | Found a shimmering altar of Xom.
 13613 | D:10     | a black mamba changed into a fire crab
 13613 | D:10     | Noticed a fire crab (shapeshifter)
 14136 | D:11     | Noticed a two-headed ogre
 14140 | D:11     | Killed a two-headed ogre
 14157 | D:11     | Noticed a manticore
 14170 | D:10     | Noticed a swamp dragon
 14171 | D:10     | Noticed a boulder beetle
 14298 | D:11     | Found a flickering gateway to a bazaar.
 14311 | Bazaar   | Entered a bazaar
 14327 | Bazaar   | Found Halyast's Antique Weapon Shoppe.
 14327 | Bazaar   | Found Fihifait's Antique Weapon Emporium.
 14349 | Bazaar   | Found Repn's Assorted Antiques.
 14349 | Bazaar   | Found Caen's Antique Armour Emporium.
 14354 | Bazaar   | Bought an ivory trident for 204 gold pieces
 14354 | Bazaar   | Identified the +2 trident "Uxutt" {flame, rC+} (You bought
                  | it in a shop in a bazaar)
 14371 | Bazaar   | Found Haanuc's Armour Shoppe.
 14371 | Bazaar   | Found Yxkir's Magic Scroll Emporium.
 14421 | Bazaar   | Bought a scroll of blinking for 82 gold pieces
 14471 | D:11     | Killed a manticore
 14575 | D:11     | Noticed a purple ugly thing
 14592 | D:11     | Killed a purple ugly thing
 14593 | D:11     | Reached skill level 9 in Fighting
 14719 | D:11     | Found Xumi Zag's Antique Weapon Shop.
 15045 | D:12     | Noticed Rupert
 15105 | Lair:1   | Entered Level 1 of the Lair of Beasts
 15286 | Lair:1   | Reached XP level 12. HP: 77/77 MP: 20/25
 15377 | Lair:1   | Noticed a boulder beetle
 15402 | Lair:1   | Killed a boulder beetle
 15618 | Lair:1   | Reached skill level 10 in Fighting
 15886 | Lair:1   | Noticed Erica
 15909 | Lair:1   | Killed Erica
 15910 | Lair:1   | Reached skill level 10 in Spellcasting
 15910 | Lair:1   | Reached skill level 1 in Polearms
 16431 | Lair:2   | Identified the +1 quarterstaff "Spiderbane" {freeze, Fly
                  | Will+}
 16590 | Lair:2   | Reached skill level 10 in Dodging
 16806 | Lair:2   | Found a staircase to the Swamp.
 16881 | Lair:2   | Found a runed translucent door.
 16946 | Lair:2   | Noticed crompyre's ghost (journeyman FoFi)
 17363 | Lair:2   | Noticed an eight-headed hydra
 17718 | Lair:2   | Killed an eight-headed hydra
 17719 | Lair:2   | Reached skill level 5 in Polearms
 18087 | Lair:3   | Reached XP level 13. HP: 73/82 MP: 19/28
 18497 | Lair:3   | Found a hole to the Spider Nest.
 18979 | Lair:3   | Learned a level 3 spell: Summon Guardian Golem
 19624 | Lair:4   | Reached skill level 11 in Fighting
 19959 | Lair:4   | Reached skill level 12 in Fighting
 20174 | Lair:4   | Found a viscous altar of Jiyva.
 20178 | Lair:4   | Found a staircase to the Slime Pits.
 20664 | Lair:4   | Reached XP level 14. HP: 70/92 MP: 22/29
 20825 | Lair:4   | Reached skill level 13 in Fighting
 21352 | Lair:5   | Entered Level 5 of the Lair of Beasts
 21882 | Lair:5   | Reached skill level 14 in Fighting
 23723 | Orc:1    | Entered Level 1 of the Orcish Mines
 23819 | Orc:1    | Reached skill level 15 in Fighting
 23989 | Orc:2    | Entered Level 2 of the Orcish Mines
 24006 | Orc:1    | You are sucked into a shaft and drop 1 floor!
 24035 | Orc:2    | Shot with a bolt by an orc warrior

Illustrated notes

Levels and vault maps discovered:
D:1:      nzn_arrival_crosshair, layout_loops_ring
D:2:      layout_rooms, basic_altar, minmay_misc_feat_square, minmay_circle_x,
          uniq_crazy_yiuf_cottage
D:3:      layout_loops_corners, mainiacjoe_overflow_alcove_1,
          nicolae_overflow_quartered_altars, uniq_grinder
D:4:      minmay_general_purpose_star, layout_basic,
          pdpol_wu_jian_five_deadly_venoms, eino_tiny_chamber, uniq_edmund
D:5:      minmay_evil_eye, layout_loops_ring, grunt_gozag_statues, bloody_trog,
          mainiacjoe_overflow_tiny_flanked, minmay_temple_entry_wispy,
          nicolae_underground_beach
D:6:      layout_loops_ring, bloody_makhleb, skrybe_limestone_x,
          minmay_three_doors, uniq_duvessa
D:7:      minmay_chambers_of_fours, layout_loops_ring, dreamdust_wishing_well
D:8:      minmay_chambers_of_sixes, layout_loops_ring, kiku_gazebo_pond_becter,
          general_overflow_altar, ebering_ghost_rock_garden,
          minmay_diced_spiral, uniq_prince_ribbit1, uniq_maggie
D:9:      layout_roguey, mainiacjoe_overflow_chevrons,
          mainiacjoe_overflow_alcove_4, orc_0_dummy,
          gammafunk_ghost_nasty_kobolds
D:10:     layout_loops_cross, xom_shifter_show, due_lair_maze_entry_diamond
D:11:     layout_cave_pools, serial_shops, bzr_entry_road, shop
D:12:     layout_layer_cave, minmay_guarded_unrand_zonguldrok, uniq_sonja,
          uniq_rupert
Lair:1:   layout_gridlike, st_stairs_8, beast_lair_carwin_3, grunt_megastairs_3,
          infiniplex_staircase_pool_2, uniq_erica
Lair:2:   cheibrodos_lair_river_kwai, layout_cave_pods,
          minmay_swamp_entry_swarm, serial_forest,
          infiniplex_forest_clump_medium, infiniplex_forest_clump_double,
          infiniplex_forest_clump_cross, infiniplex_forest_lined_2,
          infiniplex_forest_lined_corner, infiniplex_forest_corner_1,
          infiniplex_forest_end_double, hellmonk_ghost_happy_afterlife
Lair:3:   layout_chaotic_city, spider_nest_entry_rubble, lemuel_fruit_fields
Lair:4:   layout_roguey, slime_entry_1, pdpol_lair_cavern_descent
Lair:5:   grunt_lair_end_beastmaster, layout_loops_ring,
          portal_ice_cave_demonic_guard
Orc:1:    layout_caves
Orc:2:    st_orc_congregation, layout_caves, small_statue_alley_c,
          minmay_shop_enchanted_jewellery

Skill      XL: |  1  2  3  4  5  6  7  8  9 10 11 12 13 14 |
---------------+-------------------------------------------+-----
Summonings     | 5 7 8 10 11 12 | 12.6
Spellcasting   | 3 4 5 8 10 | 10.0
Fighting       | 2 3 5 7 9 10 12 15 | 15.0
Dodging        | 3 4 6 7 9 11 13 14 | 14.2
Air Magic      | 5 7 |  7.0
Polearms       | 5 7 |  7.7
Stealth        | |  2.0

Action                     |  1- 3 |  4- 6 |  7- 9 | 10-12 | 13-15 || total
---------------------------+-------+-------+-------+-------+-------++-------
  Melee: Unarmed           |     3 |       |       |       |       ||     3
         Peck              |     2 |     3 |    10 |    22 |    35 ||    72
         Dagger            |    24 |     2 |       |       |       ||    26
         Kick              |     6 |       |    11 |    40 |    51 ||   108
         Short sword       |       |    12 |    44 |    60 |       ||   116
         Punch             |       |       |     1 |       |     2 ||     3
         Trident           |       |       |       |    63 |   230 ||   293
   Cast: Summon Small Mamm |    49 |    33 |    18 |     2 |       ||   102
         Call Imp          |     2 |     8 |    46 |    12 |       ||    68
         Call Canine Famil |     1 |    11 |    59 |    84 |    53 ||   208
         Summon Lightning  |       |       |       |    98 |    91 ||   189
         Summon Guardian G |       |       |       |       |    29 ||    29
 Invoke: Curse Item        |       |       |     3 |     1 |     1 ||     5
         Shatter the Chain |       |       |       |     1 |       ||     1
    Use: Scroll            |       |       |       |     1 |     1 ||     2
   Stab: Distracted        |       |       |     1 |     4 |     4 ||     9
         Sleeping          |       |       |     1 |     1 |       ||     2
         Petrified         |       |       |       |       |     1 ||     1
 Armour: Robe              |     6 |       |       |       |       ||     6
         Leather armour    |     1 |     3 |    17 |    37 |    24 ||    82
  Dodge: Dodged            |    39 |    12 |    75 |   187 |   182 ||   495
